 Dungeon Crawl Stone Soup version 0.19.5 (webtiles) character file.

74 Cecillian the Skirmisher (level 4, -2/37 HPs)
             Began as a Demonspawn Abyssal Knight on May 6, 2017.
             Was a Believer of Lugonu.
             Killed by divine providence
             ... invoked by an orc priest
              (16 damage)
             ... on level 3 of the Dungeon.
             The game lasted 00:07:50 (2077 turns).

Cecillian the Skirmisher (DsAK)                     Turns: 2077, Time: 00:07:51

Health: -2/37      AC:  6    Str: 14    XL:     4   Next: 10%
Magic:  5/5        EV: 13    Int: 13    God:    Lugonu [**....]
Gold:   180        SH: 12    Dex: 17    Spells: 0 memorised, 3 levels left

rFire  . . .     SeeInvis .     a - +1 falchion
rCold  . . .     Gourm    .     i - +0 ring mail
rNeg   . . .     Faith    .     f - +0 shield
rPois  .         Spirit   .     h - +0 helmet
rElec  .         Reflect  .     (no cloak)
rCorr  .         Harm     .     (no gloves)
MR     +....                    (no boots)
Stlth  ++........               n - amulet of regeneration
                                (no ring)
                                u - ring of protection from magic

@: agile
A: large bone plates 1, powered by pain 1
a: Depart the Abyss, Bend Space, Renounce Religion


You were on level 3 of the Dungeon.
You worshipped Lugonu.
Lugonu was pleased with you.
You were hungry.

You visited 1 branch of the dungeon, and saw 3 of its levels.
You visited the Abyss 1 time.

You collected 180 gold pieces.

Inventory:

Hand Weapons
 a - a +1 falchion (weapon)
 r - a +0 war axe
 t - a +0 hunting sling
Missiles
 g - 23 arrows
 j - 3 javelins (quivered)
 m - 83 stones
Armour
 b - a +0 leather armour
 f - a +0 shield (worn)
 h - a +0 helmet (worn)
 i - a +0 ring mail (worn)
Jewellery
 n - an amulet of regeneration (around neck)
 u - a ring of protection from magic (left hand)
Scrolls
 o - a scroll of magic mapping {unknown}
 x - 2 scrolls of remove curse
Potions
 d - a potion of berserk rage
 e - a potion of lignification
 w - a potion of might {unknown}
Books
 p - a book of Ice

   Spells                             Type                      Level
   a - Ice Form                       Ice/Transmutation            4
   b - Metabolic Englaciation         Hexes/Ice                    5
   c - Ozocubu's Refrigeration        Ice                          6
   d - Bolt of Cold                   Conjuration/Ice              6
   e - Freezing Cloud                 Conjuration/Ice/Air          6
   f - Simulacrum                     Ice/Necromancy               6
Comestibles
 c - 3 bread rations
 k - a beef jerky
 l - 2 fruits
 q - a meat ration


   Skills:
 + Level 3.7 Fighting
 + Level 2.6 Long Blades
 + Level 0.3 Slings
 + Level 2.1 Armour
 + Level 1.1 Dodging
 + Level 0.2 Stealth
 + Level 0.8 Shields
 + Level 2.4 Invocations


You had 3 spell levels left.
You didn't know any spells.

Dungeon Overview and Level Annotations

Branches:
Dungeon (3/15)

Altars:

Annotations:
D:3 cheese's ghost, novice MiFi


Innate Abilities, Weirdness & Mutations

You are partially covered in large bone plates. (SH +4)
You sometimes gain a little power by taking damage.


Message History

Cheese's ghost stares at you.
The orc hits you with a mace of crushing.
You block the orc's attack.
There is a stone staircase leading up here.
You hit the orc.
The orc is heavily wounded.
You block the orc's attack.
The orc hits you with a mace of crushing.
The orc barely misses you.
You hit the orc priest but do no damage.
The orc priest is moderately wounded.
You block the orc's attack.
The orc priest invokes the aid of Beogh against you.
Beogh smites you!
You focus on the pain.
You feel agile all of a sudden. You block the orc's attack.
The orc hits you with a mace of crushing.
The orc priest mumbles some strange prayers to Beogh against you.
Beogh smites you!
You die...

##..# #..# #..# ####
. ####..# ..# ..
......# ##.## ....
......#
###...###.....
####..##
#............
.......###.#...###.#
######......รท.Wo@o.#
# #####.##.###o.# #
#####.##.# ..# #
#......#.# ..#
#.###..#.# ..# #..#.#
..# ###?.#.#....#
#............
#....##.###.##.


You could see an orc priest, cheese's ghost and 2 orcs.

Vanquished Creatures
  2 oozes (D:1)
  2 dart slugs
  An orc (D:3)
  3 giant cockroaches
  10 goblins
  7 hobgoblins
  7 jackals (D:2)
  A quokka (D:2)
  A ball python (D:1)
  3 bats
  5 frilled lizards
  6 kobolds
  7 rats
55 creatures vanquished.

Notes
Turn   | Place    | Note
-------+----------+-------------------------------------------
     0 | Abyss:1  | Cecillian the Demonspawn Abyssal Knight began the quest for the Orb.
     0 | Abyss:1  | Reached XP level 1. HP: 18/18 MP: 2/2
    19 | Abyss:1  | Found a hide-covered altar of Uskayaw.
    33 | Abyss:1  | Found a shadowy altar of Dithmenos.
    51 | Abyss:1  | Noticed a thrashing horror
    53 | Abyss:1  | Noticed an iron imp
    55 | Abyss:1  | Noticed a tentacled starspawn
    55 | D:1      | Escaped the Abyss
   245 | D:1      | Reached * piety under Lugonu
   372 | D:1      | Reached skill level 1 in Dodging
   372 | D:1      | Gained mutation: You are partially covered in large bone plates. (SH +4) [demonic ancestry]
   372 | D:1      | Reached XP level 2. HP: 12/24 MP: 3/3
   918 | D:1      | Reached XP level 3. HP: 29/29 MP: 4/4
  1450 | D:2      | Found a faded altar of an unknown god.
  1452 | D:2      | Reached ** piety under Lugonu
  1850 | D:3      | Gained mutation: You sometimes gain a little power by taking damage. [demonic ancestry]
  1850 | D:3      | Reached XP level 4. HP: 37/37 MP: 5/5
  1978 | D:3      | Noticed cheese's ghost (novice MiFi)
  2077 | D:3      | Killed from afar by an orc priest

Skill      XL: |  1  2 |
---------------+-------+-----
Armour         | 2 |  2.1
Dodging        | 1 |  1.1
Long Blades    | 2 |  2.6
Fighting       | |  3.7
Slings         | |  0.3
Stealth        | |  0.2
Shields        | |  0.8
Invocations    | |  2.4

Action                   |  1- 3 |  4- 6 || total
-------------------------+-------+-------++-------
Melee: Falchion          |   151 |    11 ||   162
 Fire: Hunting sling     |     1 |    13 ||    14
Invok: Depart the Abyss  |     1 |       ||     1
  Use: Scroll            |     4 |     3 ||     7
  Eat: Chunk             |     3 |       ||     3
Armor: Leather armour    |    37 |       ||    37
       Ring mail         |     9 |     8 ||    17
Dodge: Dodged            |    61 |     3 ||    64
Block: Shield            |    85 |    10 ||    95
       Rpst.: Falchion   |    22 |       ||    22
